 Dungeon Crawl Stone Soup version 0.16-a0-1970-g0967df0 (webtiles) character file.

397733 timbw the Human Blade (level 23, 0/168 (183) HPs)
             Began as a Human Gladiator on Nov 7, 2014.
             Was a High Priest of the Shining One.
             Killed from afar by an ancient champion (12 damage)
             ... with an iron shot
             ... on level 2 of the Tomb of the Ancients.
             The game lasted 03:02:40 (34849 turns).

timbw the Human Blade (Human Gladiator)            Turns: 34849, Time: 03:02:40

HP:   0/168 (183)   AC: 34    Str: 20      XL:     23   Next: 96%
MP:   25/35         EV: 19    Int:  7 (10) God:    the Shining One [*****.]
Gold: 3200          SH:  0    Dex: 18      Spells: 10 memorised, 1 level left

rFire  + + .     SeeInvis .     I - +10 great sword of Frojifir {flame, rN+ MR++} (curse)
rCold  + + .     Clarity  .     u - +5 ice dragon armour
rNeg   + + +     SustAb   .     (no shield)
rPois  +         Gourm    .     h - +2 helmet {Int+3} (curse)
rElec  +         Spirit   .     a - +1 cloak of Pruen {+Rage rElec} (curse)
rCorr  .         Warding  .     j - +2 pair of gloves {rF+} (curse)
rMut   .         Stasis   .     V - +0 pair of boots
MR     ++++.                    z - amulet of regeneration
Stlth  ..........               k - ring "Adulief" {Wiz rF++ MR+}
                                y - ring of poison resistance (curse)

@: lethally poisoned, rotting, hasted and slowed, glowing, repel missiles,
incredibly resistant to hostile enchantments, extremely unstealthy
A: hooves 1, molten scales 1, rough black scales 1, dopey 1, screaming 1,
MP-powered wands 1
a: Divine Shield, Cleansing Flame, Summon Divine Warrior, Renounce Religion,
Evoke Berserk Rage
}: 3/15 runes: decaying, silver, gossamer


You were on level 2 of the Tomb of the Ancients.
You worshipped the Shining One.
The Shining One was extremely pleased with you.
You were not hungry.

You visited 10 branches of the dungeon, and saw 52 of its levels.
You also visited: Labyrinth, Ossuary, Ice Cave and Wizlab.

You collected 5219 gold pieces.
You spent 2019 gold pieces at shops.

Inventory:

Hand weapons
 I - the cursed +10 great sword of Frojifir (weapon) {flame, rN+ MR++}
   (You found it on level 3 of the Elven Halls)

   It emits flame when wielded, causing extra injury to most foes and up to
   double damage against particularly susceptible opponents.
   Big, fiery blades are also staple armaments of hydra-hunters.
   It protects you from negative energy.
   It affects your resistance to hostile enchantments.
   It has a curse placed upon it.
 S - a cursed +1 great sword of flaming
Armour
 a - the cursed +1 cloak of Pruen (worn) {+Rage rElec}
   (You found it on level 5 of the Vaults)

   It insulates you from electricity.
   It lets you go berserk.
   It has a curse placed upon it.
 h - a cursed +2 helmet of intelligence (worn)
 j - a cursed +2 pair of gloves of fire resistance (worn)
 u - a +5 ice dragon armour (worn)
 V - a +0 pair of boots (worn)
Jewellery
 c - the amulet of Prisudgh {rMut Str+2 Dex+3}
   (You bought it in a shop on level 4 of the Orcish Mines)

   [amulet of resist mutation]

   It protects you from mutation.
   It affects your strength (+2).
   It affects your dexterity (+3).
 e - an uncursed ring of teleportation
 k - the ring "Adulief" (right hand) {Wiz rF++ MR+}
   (You bought it in a shop on level 2 of the Orcish Mines)

   [ring of wizardry]

   It improves your spell success rate.
   It greatly protects you from fire.
   It affects your resistance to hostile enchantments.
 l - the cursed amulet "Schatywukh" {Clar Str+5 Dex+4 Int+3}
   (You took it off a vault guard on level 5 of the Vaults)

   [amulet of clarity]

   It provides mental clarity.
   It affects your strength (+5).
   It affects your intelligence (+3).
   It affects your dexterity (+4).
   It has a curse placed upon it.
 o - the ring "Januhuf" {EV+4 Str+2 Int+1}
   (You took it off a deep elf sorcerer on level 3 of the Elven Halls)

   [ring of evasion]

   It affects your evasion (+4).
   It affects your strength (+2).
   It affects your intelligence (+1).
 w - an uncursed ring of protection from fire
 y - a cursed ring of poison resistance (left hand)
 z - an amulet of regeneration (around neck)
 Q - the cursed amulet of Cekugob {Ward -Tele rElec rPois rN++ AC+1 EV+1}
   (You took it off a deep elf sorcerer on level 3 of the Elven Halls)

   [amulet of warding]

   It may prevent the melee attacks of summoned creatures.
   It affects your AC (+1).
   It affects your evasion (+1).
   It insulates you from electricity.
   It protects you from poison.
   It greatly protects you from negative energy.
   It prevents most forms of teleportation.
   It has a curse placed upon it.
 R - a cursed ring of sustain abilities
Magical devices
 r - a wand of disintegration (8)
 x - a wand of disintegration (12)
 H - a wand of digging (0)
 N - a wand of hasting (3)
Scrolls
 d - 3 scrolls of recharging
 n - 3 scrolls of immolation
 B - 4 scrolls of vulnerability
 D - 2 scrolls of fog
 E - 3 scrolls of enchant weapon
 G - 9 scrolls of remove curse
 K - 5 scrolls of identify
 U - a scroll of magic mapping
 X - 3 scrolls of teleportation
 Z - 5 scrolls of blinking
Potions
 b - 3 potions of flight
 i - 5 potions of restore abilities
 m - 4 potions of cancellation
 p - 2 potions of magic
 q - a potion of curing
 v - 5 potions of cure mutation
 A - 3 potions of might
 L - 4 potions of resistance
 M - 2 potions of brilliance
 O - 2 potions of porridge
Miscellaneous
 F - a phial of floods (inert, charging)
 J - a fan of gales
 T - a lamp of fire
Comestibles
 g - 6 meat rations
 s - 4 bread rations
 W - a beef jerky
 Y - 2 slices of pizza


   Skills:
 - Level 15.7 Fighting
 - Level 22.0 Long Blades
 - Level 2.0 Throwing
 - Level 11.2 Armour
 - Level 15.0 Dodging
 - Level 8.2 Spellcasting
 - Level 8.4 Hexes
 * Level 7.7 Charms
 * Level 7.5 Translocations
 - Level 12.1 Air Magic
 * Level 9.5 Invocations
 * Level 9.0 Evocations


You had one spell level left.
You knew the following spells:

 Your Spells              Type           Power        Failure   Level  Hunger
a - Apportation           Tloc           ##........   1%          1    None
b - Blink                 Tloc           N/A          1%          2    ##.....
c - Flight                Chrm/Air       ###.......   1%          3    ###....
d - Phase Shift           Tloc           ##........   24%         5    ######.
e - Control Teleport      Chrm/Tloc      ##........   7%          4    ####...
f - Repel Missiles        Chrm/Air       ###...       1%          2    ##.....
g - Silence               Hex/Air        ###.......   7%          5    ######.
h - Haste                 Chrm           ##......     92%         6    #######
i - Deflect Missiles      Chrm/Air       ###.......   65%         6    #######
j - Spectral Weapon       Hex/Chrm       ##......     1%          3    ###....


Dungeon Overview and Level Annotations

Branches:
Dungeon (15/15)            Temple (0/1) D:7            Lair (8/8) D:8
  Swamp (5/5) Lair:4       Spider (5/5) Lair:3        Slime (0/6) Lair:7
    Orc (4/4) D:9             Elf (3/3) Orc:4        Vaults (5/5) D:13
  Crypt (3/3) Vaults:3       Tomb (3/3) Crypt:3      Depths (1/5) D:15

Altars:
Fedhas
Makhleb
Okawaru
Yredelemnul
Zin
The Shining One
Jiyva

Shops:
D:6 !   D:11 (   Orc:2 ?%(:=   Orc:4 [=[*   Elf:3 *   Vaults:3 [

Portals:
Hell: Depths:1
Trove: Elf:3 (give wand of hasting (9))

Annotations:
D:2 Sigmund
D:3 timbw's ghost, weakling HuGl
D:12 exclusion: ice statue
Lair:7 Rupert
Tomb:1 timbw's ghost, great TrHu


Innate Abilities, Weirdness & Mutations

You have large cloven feet.
You are partially covered in molten scales (AC +1).
You are partially covered in rough black scales (AC +4, Dex -1).
You are dopey. (Int -2)
You occasionally shout uncontrollably at your foes.
You expend magic power (6 MP) to slightly strengthen your wands.


Message History

The ancient champion is heavily damaged.
You feel somewhat more hungry.
You feel sick.
The ancient champion hits you but does no damage.
The ancient champion gestures at you while chanting.
The iron shot is repelled.
Evoke which item? (* to show all) (? for menu, Esc to quit)
Aim the phial where?
Press: ? - help, Shift-Dir - straight line, f - ancient champion
Aim: an ancient champion, wielding a glowing great sword and wearing a chain mail (moderately damaged, fast, haloed)
The flood of elemental water hits the ancient champion.
The ancient champion is heavily damaged.
The ancient champion is knocked back by the flood of elemental water.
The wave splashes down.
The water rises up and takes form.
You feel sick.
You hear a deep rumbling!
Unknown command.
Drink which item? (? for menu, Esc to quit)
You feel yourself speed up.
You feel sick.
The ancient champion points at you and mumbles some strange words.
The iron shot hits you!
You die...

##################
#...:.#..^^...≈E≈#
#.....#^.^....E≈≈#
#.....#..(.|..≈[z#
#.....'^.......≈@#
#####'############
#...^.# #...^.#...
#.....#...# .
#.....#...##..
#.....#........
#.^.^.#......M..##z
###'###....M.z.##.z...


You could see an ancient champion and 2 friendly water elementals.

Vanquished Creatures
  Margery (Vaults:2)
  Mennas (Vaults:2)
  2 golden dragons (Vaults:5)
  2 bone dragons
  Arachne (Spider:3)
  A Hellbinder (WizLab)
  3 tentacled monstrosities (Vaults:5)
  2 titans (Vaults:5)
  Asterion (Elf:3)
  2 deep elf blademasters
  2 deep elf master archers (Elf:3)
  A quicksilver dragon (Vaults:5)
  2 sphinxes (Crypt:3)
  Agnes (Swamp:3)
  5 shadow dragons
  2 ancient champions (Crypt:3)
  Kirke (Elf:1)
  A storm dragon (Vaults:5)
  6 tengu reavers (Vaults:5)
  2 thorn hunters
  5 revenants
  2 orc warlords (Vaults:5)
  2 greater nagas (Depths:1)
  Donald (Swamp:3)
  Maud (Lair:4)
  13 deep elf sorcerers
  3 fire giants
  3 ghost moths
  3 frost giants
  Aizul (Elf:3)
  Louise (Elf:3)
  6 emperor scorpions
  A curse skull (Crypt:1)
  5 vault wardens
  A cacodemon (WizLab)
  11 stone giants
  4 very ugly things
  2 war gargoyles (Vaults:5)
  3 reapers
  10 deep elf demonologists
  A large abomination (Vaults:5)
  8 deep elf annihilators
  An unborn (Tomb:2)
  4 bennus
  A green death (WizLab)
  5 ettins
  42 vault guards
  A minotaur (Lab)
  9 mummy priests
  The ghost of Kraw the Grappler, a powerful TrAr of Nemelex Xobeh (Lair:3)
  13 deep elf death magi
  7 deep elf high priests
  6 yaktaur captains
  6 jiangshi (Crypt:1)
  A blizzard demon (WizLab)
  11 ironheart preservers
  A fire dragon (Vaults:4)
  A rakshasa (D:14)
  2 great orbs of eyes
  9 hydras
  2 ice dragons
  9 ogre magi
  2 ghost crabs
  3 anacondas (Depths:1)
  4 alligators
  5 centaur warriors
  The ghost of timbw the Basher, an experienced TrHu of Makhleb (Lair:3)
  16 dancing weapons (Elf:2)
  A death knight (Crypt:1)
  A deep troll earth mage (Vaults:4)
  4 soul eaters
  3 sun demons
  A spectral emperor scorpion (Crypt:1)
  A shadow wraith (Tomb:1)
  16 deep elf knights
  26 skeletal warriors
  5 hell knights (Vaults:2)
  3 ice devils
  4 deep trolls
  3 wizards
  8 death scarabs (Tomb:3)
  A spectral hydra (Swamp:5)
  2 flayed ghosts
  A shambling mangrove (Swamp:2)
  3 swamp dragons
  7 deep elf summoners
  A lindwurm (shapeshifter) (Vaults:5)
  Pikel (D:9)
  5 harpies (Vaults:2)
  A lindwurm (Depths:1)
  8 ironbrand convokers
  3 necromancers
  11 orb spiders
  21 wolf spiders
  3 griffons
  7 hill giants
  An anubis guard (Tomb:1)
  2 iron dragon zombies (Crypt:1)
  5 red wasps
  20 ugly things
  4 orc knights
  6 deep elf conjurers
  2 cyclopes
  2 manticores (D:13)
  A faun (shapeshifter) (Vaults:5)
  2 moths of wrath (Spider:5)
  6 phantasmal warriors
  3 orc sorcerers
  A red wasp (shapeshifter) (Vaults:4)
  An iron dragon skeleton (Crypt:3)
  A frost giant skeleton (Tomb:1)
  A dire elephant zombie (D:15)
  Maurice (Orc:1)
  4 sixfirhies
  10 elephants
  3 orange demons
  Joseph (D:8)
  A fire giant skeleton (Crypt:3)
  A stone giant skeleton (D:15)
  A molten gargoyle (Elf:3)
  3 guardian serpents (Depths:1)
  2 hellions
  A dire elephant skeleton (Crypt:3)
  6 vault sentinels
  5 gargoyles
  3 torpor snails
  12 spiny frogs
  A kobold demonologist (WizLab)
  2 swamp worm zombies (Swamp:5)
  18 yaktaurs
  A fire drake (Lair:5)
  6 komodo dragons
  6 deep elf priests
  10 demonic crawlers
  3 tormentors
  A spriggan druid (Lair:8)
  A small abomination (Elf:3)
  26 guardian mummies
  3 hydra zombies (Swamp:5)
  2 red devils
  A minotaur zombie (Crypt:3)
  A queen bee (shapeshifter) (Depths:1)
  6 freezing wraiths
  19 jumping spiders
  7 polar bears
  A mana viper skeleton (Crypt:1)
  2 giant leeches (Swamp:1)
  Sonja (Spider:1)
  11 bog bodies
  10 slime creatures
  4 alligator zombies (Swamp:5)
  A hydra skeleton (Crypt:3)
  25 two-headed ogres
  3 boulder beetles
  A minotaur skeleton (Crypt:2)
  2 ice dragon zombies (D:15)
  A spectral swamp dragon (Swamp:5)
  18 ushabtiu
  4 trolls
  10 ravens
  14 trapdoor spiders
  4 basilisks
  A flying skull (Tomb:3)
  3 baby alligators (Swamp:2)
  2 hell beasts (WizLab)
  26 redbacks
  14 spriggans
  A vampire (Crypt:1)
  2 alligator skeletons (Crypt:3)
  3 wyverns
  3 water elementals
  3 hogs (Elf:1)
  26 blink frogs
  A hungry ghost (D:7)
  22 tarantellas
  2 shadows (Tomb:2)
  19 deep elf magi
  2 ynoxinuls
  A black mamba skeleton (Crypt:1)
  14 vampire mosquitoes
  29 deep elf fighters
  A centaur simulacrum (D:12)
  11 nagas (Depths:1)
  5 hippogriffs
  A mottled dragon (Vaults:1)
  22 yaks
  Edmund (D:6)
  8 swamp worms
  A warg (Vaults:1)
  A minotaur simulacrum (Crypt:1)
  16 water moccasins
  31 wolves
  13 ice beasts
  3 porcupines
  7 yellow wasps
  3 spiny frog skeletons
  36 ogres
  21 spiders
  2 sky beasts (D:5)
  7 phantoms
  8 black bears
  6 swamp drakes
  4 swamp dragon zombies (Swamp:5)
  3 manticore skeletons
  A slave (D:9)
  A necrophage (D:12)
  4 boggarts (Vaults:1)
  10 crocodiles
  21 orc warriors
  A boring beetle (Lair:8)
  A snapping turtle skeleton (Crypt:1)
  2 big kobolds
  A blink frog skeleton (Crypt:1)
  11 centaurs
  A deep troll simulacrum (Vaults:2)
  A hill giant simulacrum (D:12)
  19 giant frogs
  14 insubstantial wisps
  A water moccasin skeleton (D:7)
  A tengu zombie (D:11)
  9 scorpions
  2 troll zombies
  21 killer bees
  2 electric eels
  A raiju skeleton (Crypt:1)
  A yak skeleton (D:8)
  A troll skeleton (D:11)
  A quasit (WizLab)
  8 wights
  4 crimson imps
  3 goliath beetles
  A jelly (D:7)
  A wolf skeleton (Crypt:1)
  22 orc priests
  11 hounds
  4 orange rats
  27 orc wizards
  6 iguanas
  A killer bee zombie (D:5)
  A worker ant (shapeshifter) (Vaults:5)
  A spectral swamp drake (Swamp:5)
  8 worker ants
  13 sheep
  A deep dwarf zombie (Crypt:1)
  A felid skeleton (Crypt:1)
  A sky beast zombie (D:5)
  An ogre skeleton (Tomb:3)
  A yellow wasp simulacrum (D:12)
  A big kobold zombie (D:7)
  A kobold simulacrum (D:12)
  A two-headed ogre simulacrum (D:12)
  2 hound zombies
  24 mummies
  9 adders
  51 green rats
  A scorpion zombie (D:9)
  4 gnolls (D:4)
  An orc skeleton (D:5)
  5 swamp drake zombies (Swamp:5)
  2 shadow imps
  2 goliath beetle zombies (D:5)
  2 white imps (D:12)
  3 ufetubi
  2 worms (D:4)
  An adder skeleton (D:5)
  3 adder zombies (D:5)
  3 giant geckos
  An ooze (D:3)
  174 orcs
  A bat skeleton (D:6)
  A bat zombie (D:6)
  3 giant cockroaches
  2 gnoll zombies (Ossuary)
  9 goblins
  11 hobgoblins
  7 jackals
  17 kobolds
  3 ball pythons
  A ball python zombie (Crypt:2)
  7 bats
  2 giant newts
  A giant spore (D:9)
  A goblin skeleton (D:5)
  3 hobgoblin zombies
  4 kobold zombies (Ossuary)
  2 orc zombies
  9 quokkas
  A quokka skeleton (D:5)
  8 rats
  A rat skeleton (D:5)
  A ballistomycete (D:9)
  5 briar patches (Swamp:5)
  A crawling corpse (Elf:3)
  A fungus (Elf:3)
  A plant (Lair:6)
1803 creatures vanquished.

Vanquished Creatures (others)
  A deep elf demonologist (WizLab)
  An anubis guard (Tomb:3)
  A fire giant skeleton (Tomb:2)
  A stone giant skeleton (Tomb:2)
  2 blue devils
  A raven (Swamp:2)
  3 trapdoor spiders (Tomb:3)
  A deep elf mage (Vaults:5)
  A tarantella (Spider:1)
  A redback (Spider:5)
  3 yaks (D:11)
  A hydra simulacrum (Tomb:2)
  A slave (D:9)
  A sky beast (D:9)
  An orc warrior (D:9)
  7 lost souls
  Duvessa (D:9)
  A crocodile (D:9)
  A giant frog (D:9)
  Dowan (D:9)
  A jelly (D:9)
  A worker ant (D:9)
  4 mummies
  An orc (D:8)
  A kobold (D:9)
  A crawling corpse (Vaults:5)
  11 fungi
  14 plants
65 creatures vanquished.

Grand Total: 1868 creatures vanquished

Notes
Turn   | Place    | Note
--------------------------------------------------------------
     0 | D:1      | timbw, the Human Gladiator, began the quest for the Orb.
     0 | D:1      | Reached XP level 1. HP: 16/16 MP: 1/1
   204 | D:1      | Reached XP level 2. HP: 20/22 MP: 2/2
   284 | D:2      | Found a glowing golden altar of the Shining One.
   287 | D:2      | Became a worshipper of the Shining One
   331 | D:2      | Noticed Sigmund
   454 | D:3      | Reached skill level 4 in Long Blades
   454 | D:3      | Reached XP level 3. HP: 23/27 MP: 3/3
   762 | D:3      | Noticed timbw's ghost (weakling HuGl)
   892 | D:3      | Reached XP level 4. HP: 22/33 MP: 4/4
  1038 | D:5      | Entered Level 5 of the Dungeon
  1092 | D:5      | Reached skill level 5 in Long Blades
  1194 | D:5      | Found an iron altar of Okawaru.
  1495 | D:5      | Acquired the Shining One's first power
  1555 | D:4      | Reached XP level 5. HP: 34/38 MP: 5/5
  1931 | D:5      | Reached skill level 6 in Long Blades
  1931 | D:5      | Reached XP level 6. HP: 35/44 MP: 6/6
  2114 | D:5      | Reached skill level 7 in Long Blades
  2329 | D:4      | Gained mutation: You are dopey. (Int -2) [potion of mutation]
  2329 | D:4      | Gained mutation: You are partially covered in molten scales (AC +1). [potion of mutation]
  2329 | D:4      | Gained mutation: You are partially covered in rough black scales (AC +4, Dex -1). [potion of mutation]
  2334 | D:4      | Reached XP level 7. HP: 50/50 MP: 7/7
  2441 | D:5      | Noticed a sky beast
  2472 | D:5      | Killed a sky beast
  2667 | D:5      | Reached skill level 8 in Long Blades
  2674 | D:5      | Noticed a sky beast
  2683 | D:5      | Killed a sky beast
  2800 | D:5      | Found a blossoming altar of Fedhas.
  2876 | D:6      | Found a basalt altar of Yredelemnul.
  2876 | D:6      | Noticed an ogre
  2879 | D:6      | Noticed a giant frog
  2884 | D:6      | Killed a giant frog
  2884 | D:6      | Reached XP level 8. HP: 57/57 MP: 8/8
  2887 | D:6      | Killed an ogre
  2917 | D:6      | Reached skill level 9 in Long Blades
  3113 | D:6      | Found Fimufyes' Distillery.
  3123 | D:6      | Bought a potion of heal wounds for 42 gold pieces
  3123 | D:6      | Bought a potion of might for 35 gold pieces
  3123 | D:6      | Bought a potion of curing for 28 gold pieces
  3157 | D:6      | Noticed a centaur
  3162 | D:6      | Noticed an ice beast
  3162 | D:6      | Killed a centaur
  3169 | D:6      | Killed an ice beast
  3198 | D:6      | Noticed an orc warrior
  3467 | D:6      | Noticed an ogre
  3475 | D:6      | Killed an ogre
  3608 | D:6      | Noticed Edmund
  3627 | D:6      | Killed Edmund
  3627 | D:6      | Reached skill level 10 in Long Blades
  3627 | D:6      | Reached XP level 9. HP: 50/66 MP: 9/9
  3743 | D:7      | Reached skill level 5 in Fighting
  4059 | D:7      | Found a blossoming altar of Fedhas.
  4108 | D:7      | Acquired the Shining One's second power
  4152 | D:7      | Found a staircase to the Ecumenical Temple.
  4235 | D:7      | Found an iron altar of Okawaru.
  4236 | D:7      | Found a burning altar of Makhleb.
  4243 | D:7      | Found a glowing silver altar of Zin.
  4303 | D:8      | Reached skill level 11 in Long Blades
  4455 | D:8      | Found a sand-covered staircase.
  4460 | Ossuary  | Entered an ossuary
  4745 | D:8      | Found a staircase to the Lair.
  4745 | D:8      | Noticed Joseph
  4746 | D:8      | Noticed an elephant
  4779 | D:8      | Reached XP level 10. HP: 40/76 MP: 10/10
  5087 | D:8      | Killed Joseph
  5087 | D:8      | Reached skill level 12 in Long Blades
  5136 | Lair:1   | Entered Level 1 of the Lair of Beasts
  5162 | Lair:1   | Found a frozen archway.
  5162 | Lair:1   | Noticed a griffon
  5176 | Lair:1   | Killed a griffon
  5241 | IceCv    | Entered an ice cave
  5351 | IceCv    | Noticed an ice statue
  5351 | IceCv    | Noticed an ice statue
  5351 | IceCv    | Noticed an ice statue
  5419 | Lair:1   | Noticed a spiny frog
  5434 | Lair:1   | Killed a spiny frog
  5434 | Lair:1   | Reached skill level 13 in Long Blades
  5727 | Lair:1   | Reached skill level 1 in Armour
  5801 | Lair:2   | Reached XP level 11. HP: 46/86 MP: 11/11
  5812 | Lair:2   | Noticed a seven-headed hydra
  5916 | Lair:2   | Noticed a griffon
  5917 | Lair:2   | Noticed a spiny frog
  5918 | Lair:2   | Noticed an eight-headed hydra
  6259 | Lair:2   | Noticed a spiny frog
  6273 | Lair:2   | Killed a spiny frog
  6733 | Lair:3   | Noticed timbw's ghost (experienced TrHu)
  6770 | Lair:3   | Killed timbw's ghost
  6770 | Lair:3   | Reached skill level 14 in Long Blades
  6770 | Lair:3   | Reached skill level 5 in Dodging
  6863 | Lair:3   | Noticed an eight-headed hydra
  7031 | Lair:4   | Noticed a seven-headed hydra
  7080 | Lair:5   | Noticed an eight-headed hydra
  7299 | Lair:6   | Acquired the Shining One's third power
  7337 | Lair:6   | Reached XP level 12. HP: 59/95 MP: 12/12
  7373 | Lair:6   | Reached skill level 5 in Armour
  7684 | Lair:6   | Noticed an eight-headed hydra
  7838 | Lair:7   | Noticed Rupert
  7849 | Lair:7   | Paralysed by Rupert for 4 turns
  7854 | Lair:8   | Entered Level 8 of the Lair of Beasts
  7882 | Lair:8   | Noticed a four-headed hydra
  8108 | Lair:8   | Reached skill level 15 in Long Blades
  8127 | Lair:8   | Noticed a spriggan rider
  8157 | Lair:8   | Killed a yellow wasp
  8159 | Lair:8   | Killed a spriggan
  8358 | Lair:8   | Noticed a spriggan rider
  8463 | Lair:8   | Killed a spriggan
  8464 | Lair:8   | Killed a yellow wasp
  8495 | Lair:8   | Noticed a spriggan rider
  8499 | Lair:8   | Reached XP level 13. HP: 93/103 MP: 13/13
  8508 | Lair:8   | Killed a spriggan
  8512 | Lair:8   | Killed a yellow wasp
  8525 | Lair:8   | Reached skill level 10 in Fighting
  9360 | Lair:7   | Got a jewelled ring mail
  9399 | Lair:7   | Found a viscous altar of Jiyva.
  9399 | Lair:7   | Found a staircase to the Slime Pits.
  9440 | Lair:7   | Reached skill level 16 in Long Blades
  9453 | Lair:7   | Identified the +4 ring mail of Febbeged {Str+3 Dex+2 Int+4} (You found it on level 7 of the Lair of Beasts)
  9584 | Lair:7   | Acquired the Shining One's fourth power
  9931 | Lair:5   | Noticed an eight-headed hydra
 10135 | Lair:4   | Noticed Maud
 10165 | Lair:4   | Killed Maud
 10317 | Lair:4   | Found a staircase to the Swamp.
 10405 | Lair:4   | Reached XP level 14. HP: 91/113 MP: 14/14
 10734 | D:8      | Killed an elephant
 10869 | D:9      | Learned a level 1 spell: Apportation
 10872 | D:9      | Learned a level 2 spell: Blink
 10937 | D:9      | Noticed Pikel
 10950 | D:9      | Killed Pikel
 10974 | D:9      | Noticed Duvessa
 10978 | D:9      | Found a staircase to the Orcish Mines.
 10998 | D:9      | Killed Duvessa
 11007 | D:9      | Killed Dowan
 11044 | Orc:1    | Entered Level 1 of the Orcish Mines
 11245 | Orc:2    | Found Teqagop's Jewellery Emporium.
 11248 | Orc:2    | Found Miexirui's Weapon Boutique.
 11248 | Orc:2    | Found Kegit's Food Emporium.
 11305 | Orc:2    | Found Aptihuf's Magic Scroll Emporium.
 11320 | Orc:2    | Found Ycubb's Book Shop.
 11387 | Orc:2    | Found a burning altar of Makhleb.
 11439 | Orc:2    | Bought a scroll of teleportation for 36 gold pieces
 11439 | Orc:2    | Bought a scroll of teleportation for 36 gold pieces
 11440 | Orc:2    | Bought a scroll of fear for 42 gold pieces
 11450 | Orc:1    | Noticed Maurice
 11465 | Orc:1    | Killed Maurice
 12136 | Orc:4    | Entered Level 4 of the Orcish Mines
 12355 | Orc:4    | Found Ydghuxkux's General Store.
 12468 | Orc:4    | HP: 1/113 [two-headed ogre/giant club (21)]
 12699 | Orc:4    | Reached skill level 17 in Long Blades
 12706 | Orc:4    | Found Zuymnas' Jewellery Boutique.
 12717 | Orc:4    | Found Vig Riasch's Armour Shoppe.
 12718 | Orc:4    | Found Fridanif's Armour Boutique.
 12797 | Orc:4    | Bought the amulet of Prisudgh {rMut Str+2 Dex+3} for 632 gold pieces
 12804 | Orc:4    | Bought a scroll of teleportation for 48 gold pieces
 12938 | Orc:4    | Found a staircase to the Elven Halls.
 13028 | Orc:2    | Bought the ring "Adulief" {Wiz rF++ MR+} for 841 gold pieces
 13078 | Elf:1    | Entered Level 1 of the Elven Halls
 13243 | Elf:2    | Noticed a deep elf sorcerer
 13253 | Elf:2    | Killed a deep elf sorcerer
 13297 | Elf:2    | Reached XP level 15. HP: 82/120 MP: 15/15
 13329 | Elf:2    | Reached skill level 10 in Dodging
 13715 | Elf:2    | Noticed a deep elf blademaster
 13745 | Elf:2    | Killed a deep elf blademaster
 14455 | Elf:2    | Reached skill level 18 in Long Blades
 14521 | Elf:1    | Reached skill level 10 in Armour
 14532 | Elf:1    | Noticed Kirke
 14560 | Elf:1    | Noticed a sphinx
 14560 | Elf:1    | Killed Kirke
 14659 | D:10     | Entered Level 10 of the Dungeon
 14966 | D:11     | Found Pla Pepe's Antique Weapon Emporium.
 15367 | D:13     | Reached XP level 16. HP: 89/129 MP: 16/16
 15588 | D:15     | Entered Level 15 of the Dungeon
 15670 | D:15     | Found a staircase to the Depths.
 16009 | D:15     | Found a labyrinth entrance.
 16015 | Lab      | Entered a labyrinth
 16224 | Lab      | Got a bloodstained battleaxe
 16225 | Lab      | Identified the cursed -1 battleaxe of Conflict {freeze, rElec rC+ Str+1} (You found it in a labyrinth)
 16278 | Depths:1 | Entered Level 1 of the Depths
 16341 | Depths:1 | Found a gateway to Hell.
 17761 | D:15     | Reached skill level 19 in Long Blades
 18323 | D:15     | Paralysed by a wizard for 4 turns
 18328 | D:15     | Reached XP level 17. HP: 129/137 MP: 17/17
 18441 | D:13     | Found a gate to the Vaults.
 18686 | D:12     | Found a blossoming altar of Fedhas.
 19148 | Lair:1   | Upgraded the game from 0.16-a0-1885-g0f03bb0 to 0.16-a0-1970-g0967df0
 19202 | Lair:2   | Killed a three-headed hydra
 19215 | Lair:2   | Killed a one-headed hydra
 19260 | Lair:2   | Killed a spiny frog
 19317 | Lair:3   | Noticed Kraw's ghost (powerful TrAr)
 19326 | Lair:3   | Killed Kraw's ghost
 19336 | Lair:3   | Found a hole to the Spider Nest.
 19376 | Spider:1 | Entered Level 1 of the Spider Nest
 19578 | Spider:1 | Noticed Sonja
 19595 | Spider:1 | Killed Sonja
 19916 | Spider:3 | Noticed Arachne
 19942 | Spider:3 | Killed Arachne
 20272 | Spider:3 | Reached skill level 20 in Long Blades
 20638 | Spider:5 | Entered Level 5 of the Spider Nest
 20781 | Spider:5 | Reached XP level 18. HP: 146/146 MP: 18/18
 22123 | Spider:5 | Got a gossamer rune of Zot
 22572 | Lair:4   | Killed a four-headed hydra
 22589 | Swamp:1  | Entered Level 1 of the Swamp
 22998 | Swamp:2  | Reached skill level 21 in Long Blades
 23143 | Swamp:3  | Noticed Donald
 23158 | Swamp:3  | Killed Donald
 23160 | Swamp:3  | Got a steaming shield {Donald}
 23167 | Swamp:3  | Identified the cursed +0 shield "Klynyeth" {+Blink MR++ Str+1} (You took it off Donald on level 3 of the Swamp)
 23212 | Swamp:3  | Got a pair of polished gloves
 23223 | Swamp:3  | Identified the cursed -2 pair of gloves "Doarhij" {Dex+3 SInv} (You found it on level 3 of the Swamp)
 23309 | Swamp:3  | Noticed Agnes
 23321 | Swamp:3  | Killed Agnes
 23371 | Swamp:5  | Entered Level 5 of the Swamp
 23463 | Swamp:5  | Reached skill level 15 in Fighting
 23604 | Swamp:5  | Reached XP level 19. HP: 143/155 MP: 18/18
 23870 | Swamp:5  | Reached skill level 1 in Evocations
 23916 | Swamp:5  | Noticed a bone dragon
 23943 | Swamp:5  | Killed a bone dragon
 23943 | Swamp:5  | Reached skill level 1 in Invocations
 23971 | Swamp:5  | Got a decaying rune of Zot
 24133 | Swamp:2  | Learned a level 3 spell: Flight
 24139 | Swamp:2  | Learned a level 5 spell: Phase Shift
 24271 | Lair:3   | Killed a three-headed hydra
 24277 | Lair:3   | Learned a level 4 spell: Control Teleport
 24571 | Elf:3    | Entered Level 3 of the Elven Halls
 24644 | Elf:3    | Found a portal to a secret trove of treasure.
 24691 | Elf:3    | Found Oghemud's Elven Fire.
 24776 | Elf:3    | Bought a +2 pair of gloves of fire resistance for 279 gold pieces
 25448 | Elf:3    | Got a crude great sword
 25449 | Elf:3    | Identified the +10 great sword of Frojifir {flame, rN+ MR++} (You found it on level 3 of the Elven Halls)
 25556 | Elf:3    | Noticed Aizul
 25609 | Elf:3    | Killed Aizul
 25872 | Elf:3    | Noticed Asterion
 25883 | Elf:3    | Killed Asterion
 26104 | Elf:3    | Reached skill level 5 in Invocations
 26104 | Elf:3    | Reached XP level 20. HP: 125/161 MP: 27/27
 26112 | Elf:3    | Got a scintillating lapis lazuli ring
 26114 | Elf:3    | Identified the ring of Query {-Tele rC+ rN+ Stlth++} (You took it off a deep elf mage on level 3 of the Elven Halls)
 26130 | Elf:3    | Reached skill level 5 in Evocations
 26165 | Elf:3    | Noticed Louise
 26180 | Elf:3    | Killed Louise
 26273 | Elf:3    | Identified Sif Muna's Grimoire of Hurtful Weightlessness
 26277 | Elf:3    | Learned a level 2 spell: Repel Missiles
 26380 | Elf:3    | Reached skill level 22 in Long Blades
 26567 | Elf:3    | Got a slimy steel ring
 26569 | Elf:3    | Identified the ring "Januhuf" {EV+4 Str+2 Int+1} (You took it off a deep elf sorcerer on level 3 of the Elven Halls)
 27178 | Vaults:1 | Entered Level 1 of the Vaults
 27207 | Vaults:2 | Reached skill level 1 in Air Magic
 27212 | Vaults:2 | Reached skill level 1 in Translocations
 27294 | Vaults:2 | Noticed Margery
 27310 | Vaults:2 | Reached skill level 1 in Charms
 27325 | Vaults:2 | Killed Margery
 27325 | Vaults:2 | Reached skill level 1 in Spellcasting
 27416 | Vaults:2 | Learned a level 5 spell: Silence
 27890 | Vaults:1 | Gained mutation: You have large cloven feet. [potion of beneficial mutation]
 27943 | Vaults:2 | Reached skill level 1 in Hexes
 27945 | Vaults:2 | Noticed Mennas
 27979 | Vaults:2 | Killed Mennas
 28020 | Vaults:2 | Reached skill level 15 in Dodging
 28219 | Vaults:3 | Found a staircase to the Crypt.
 28244 | Vaults:3 | Reached XP level 21. HP: 168/168 MP: 29/29
 28252 | Vaults:3 | Found Hadoagg's Armour Shoppe.
 28554 | Vaults:4 | Reached skill level 5 in Air Magic
 28722 | Vaults:5 | Entered Level 5 of the Vaults
 29158 | Vaults:5 | Reached skill level 5 in Spellcasting
 29172 | Vaults:5 | Reached skill level 5 in Hexes
 29457 | Vaults:5 | Noticed a golden dragon
 29482 | Vaults:5 | Killed a golden dragon
 29657 | Vaults:5 | Got a twitching pewter amulet
 29659 | Vaults:5 | Identified the amulet "Schatywukh" {Clar Str+5 Dex+4 Int+3} (You took it off a vault guard on level 5 of the Vaults)
 29674 | Vaults:5 | Reached XP level 22. HP: 141/175 MP: 32/32
 29883 | Vaults:5 | Reached skill level 10 in Air Magic
 29934 | Vaults:5 | Got a sparkling marble ring
 29935 | Vaults:5 | Identified the ring "Pitraid" {Contam rN+ Dex+4} (You took it off a vault guard on level 5 of the Vaults)
 29992 | Vaults:5 | Learned a level 6 spell: Haste
 29999 | Vaults:5 | Learned a level 6 spell: Deflect Missiles
 30042 | Vaults:5 | Got a crude cloak
 30053 | Vaults:5 | Identified the +1 cloak of Pruen {+Rage rElec} (You found it on level 5 of the Vaults)
 30349 | Vaults:5 | Got a silver rune of Zot
 30397 | Vaults:5 | Noticed a golden dragon
 30412 | Vaults:5 | Killed a golden dragon
 31036 | Crypt:1  | Entered Level 1 of the Crypt
 31110 | Crypt:1  | Reached XP level 23. HP: 172/181 MP: 35/35
 31169 | Crypt:1  | Reached skill level 5 in Translocations
 31329 | Crypt:1  | HP: 5/181 [jiangshi (18)]
 31334 | Crypt:1  | Reached skill level 5 in Charms
 31628 | Crypt:2  | Found a magical portal.
 31654 | WizLab   | Entered The Hall of Cieng the Hellbinder
 31719 | WizLab   | Gained mutation: You expend magic power (6 MP) to slightly strengthen your wands. [a cacodemon]
 31720 | WizLab   | Gained mutation: You occasionally shout uncontrollably at your foes. [a cacodemon]
 32128 | WizLab   | Found a burning altar of Makhleb.
 32168 | WizLab   | Identified the Almanac of the Entourage (You found it in a wizard's laboratory)
 32582 | Crypt:3  | Entered Level 3 of the Crypt
 33121 | Crypt:3  | Found a staircase to the Tomb.
 33152 | Tomb:1   | Entered Level 1 of the Tomb of the Ancients
 33194 | Tomb:1   | Noticed a greater mummy
 33203 | Tomb:1   | Noticed a greater mummy
 33269 | Tomb:1   | Noticed timbw's ghost (great TrHu)
 33369 | Tomb:2   | Noticed a greater mummy
 33373 | Tomb:2   | Noticed a greater mummy
 33784 | Tomb:3   | Entered Level 3 of the Tomb of the Ancients
 33900 | Tomb:2   | Learned a level 3 spell: Spectral Weapon
 33978 | Tomb:2   | HP: 7/174 [poisoned by an ushabti (dark miasma)]
 34167 | Tomb:3   | Noticed a greater mummy
 34167 | Tomb:3   | Noticed a greater mummy
 34170 | Tomb:3   | Noticed a greater mummy
 34175 | Tomb:3   | Noticed an ancient lich
 34184 | Tomb:3   | Noticed a greater mummy
 34186 | Tomb:3   | Noticed a greater mummy
 34194 | Tomb:3   | Noticed a greater mummy
 34195 | Tomb:3   | Noticed a greater mummy
 34849 | Tomb:2   | Killed from afar by an ancient champion

Action                   |  1- 3 |  4- 6 |  7- 9 | 10-12 | 13-15 | 16-18 | 19-21 | 22-24 || total
-------------------------+-------+-------+-------+-------+-------+-------+-------+-------++-------
Melee: Long sword        |   107 |   127 |       |       |       |       |       |       ||   234
       Scimitar          |       |     6 |   407 |   690 |  1689 |   406 |       |       ||  3198
       Great sword       |       |       |       |       |       |  1328 |  1334 |   979 ||  3641
       Unarmed           |       |       |       |       |       |     2 |       |       ||     2
Throw: Throwing net      |     5 |     6 |       |       |       |       |       |       ||    11
       Tomahawk          |       |       |     5 |     8 |     3 |       |       |       ||    16
 Cast: Repel Missiles    |       |       |       |       |       |       |     9 |     1 ||    10
       Silence           |       |       |       |       |       |       |       |     6 ||     6
Invok: Divine Shield     |       |       |       |     1 |       |     1 |     1 |       ||     3
       Cleansing Flame   |       |       |       |       |       |       |     8 |    28 ||    36
 Abil: Evoke Teleportati |       |       |       |       |       |       |     1 |     7 ||     8
Evoke: Wand              |       |       |       |     7 |     3 |    15 |    10 |     4 ||    39
       Lamp of fire      |       |       |       |       |       |     1 |       |       ||     1
       Phial of floods   |       |       |       |       |       |       |       |     1 ||     1
  Use: Scroll            |       |    12 |     8 |    13 |    11 |    22 |     9 |    13 ||    88
       Potion            |       |     2 |       |     5 |     7 |     8 |     8 |     7 ||    37
 Stab: Held in net/web   |       |     1 |       |       |       |       |       |       ||     1
       Distracted        |       |       |       |     1 |       |       |       |       ||     1
       Fleeing           |       |       |       |       |     1 |       |       |       ||     1
       Paralysed         |       |       |       |       |       |     2 |       |       ||     2
       Confused          |       |       |       |       |       |     2 |       |       ||     2
  Eat: Chunk             |       |     1 |     4 |    12 |    16 |    22 |     9 |     3 ||    67
       Bread ration      |       |     1 |       |     2 |     5 |     1 |       |     3 ||    12
       Meat ration       |       |       |     1 |       |       |     1 |     4 |     3 ||     9
       Fruit             |       |       |       |       |       |     6 |     3 |       ||     9
       Royal jelly       |       |       |       |       |       |     2 |     1 |       ||     3
       Beef jerky        |       |       |       |       |       |     3 |     1 |       ||     4
       Pizza             |       |       |       |       |       |       |       |     1 ||     1
